Map: Новое противостояние РВ

Players

Murena - Winner!

  • Race: Terran Terran
  • Spawn Location: 7:00

ИИ 1 (эксперт)

  • Race: Zerg Zerg
  • Spawn Location: 1:00

VOD

Have the link to the VOD?

Description

Time

  • Played on: Feb. 19, 2019, 6:32 p.m.
  • Length: 13:54
Show
View Real Time Build Order
Export as new Build Order

Murena Terran - Winner!

Build Orders:  

Get SALT Encoding   

  12  0:00  SCV  
  13  0:13  SCV  
  14  0:18  Supply Depot  
  14  0:25  SCV  
  15  0:30  Refinery  
  15  0:41  Barracks  
  15  0:45  SCV  
  16  0:58  SCV  
  17  1:10  SCV  
  18  1:23  SCV  
  19  1:26  Supply Depot  
  19  1:28  Marine  
  20  1:35  Orbital Command  
  20  1:41  Factory  
  20  1:46  Marine  
  21  1:53  Barracks  
  21  2:00  SCV  
  22  2:06  Barracks Reactor  
  22  2:13  SCV  
  23  2:24  Factory Reactor  
  23  2:26  SCV  
  24  2:32  Command Center  
  24  2:40  SCV  
  24  2:41  Barracks Reactor  
  25  2:46  Marine, Refinery  
  25  2:47  Marine  
  27  2:52  SCV  
  27  2:57  Supply Depot  
  28  3:01  Hellion  
  28  3:05  Reaper  
  31  3:20  Starport  
  31  3:21  SCV  
  31  3:22  Hellion  
  34  3:29  Marine, Supply Depot  
  34  3:32  Marine  
  36  3:35  SCV  
  39  3:41  Hellion  
  40  3:48  SCV  
  40  3:50  Marine x2  
  40  3:52  Marine  
  40  3:54  Marine  
  44  3:57  SCV  
  44  4:01  Starport Reactor  
  45  4:03  SCV  
  45  4:07  Hellion  
  48  4:10  SCV  
  48  4:13  Marine  
  48  4:14  Reaper  
  48  4:15  SCV  
  52  4:19  Reaper  
  53  4:24  SCV, Supply Depot  
  53  4:28  SCV  
  55  4:32  Marine  
  55  4:33  Marine  
  55  4:38  Medivac x2  
  59  4:42  Orbital Command  
  59  4:45  SCV  
  62  4:49  Hellion  
  62  4:50  Marine  
  62  4:52  Marine  
  66  4:58  SCV, Supply Depot  
  67  5:06  Marine x2  
  69  5:11  Marine  
  70  5:15  Starport  
  70  5:20  Engineering Bay  
  71  5:21  SCV  
  71  5:22  SCV, Armory  
  72  5:30  Marine, Supply Depot  
  72  5:32  Medivac  
  72  5:34  SCV  
  76  5:35  SCV  
  77  5:50  Marine  
  77  5:52  Starport Reactor  
  77  5:55  Marine, Medivac  
  77  5:56  Marine x2  
  83  5:58  Hellion  
  83  6:02  Command Center  
  85  6:06  Terran Infantry Weapons Level 1  
  85  6:10  Missile Turret  
  85  6:12  Missile Turret  
  85  6:15  SCV, Refinery x2  
  86  6:21  Supply Depot  
  86  6:29  Supply Depot  
  86  6:35  Engineering Bay  
  86  6:39  Factory  
  86  6:43  SCV  
  86  6:44  SCV, Barracks  
  86  6:46  Viking  
  90  6:47  Viking  
  90  6:48  Marine  
  90  6:49  Marine  
  94  6:56  SCV  
  94  6:58  SCV  
  96  7:02  Bunker  
  96  7:03  Viking  
  96  7:05  Medivac  
  96  7:08  Supply Depot  
  100  7:09  SCV  
  100  7:15  Missile Turret  
  101  7:16  SCV  
  101  7:18  SCV  
  103  7:23  Factory Tech Lab  
  103  7:24  Marine x2  
  103  7:29  Medivac  
  107  7:31  Viking  
  107  7:32  Marine, Barracks Tech Lab  
  107  7:33  SCV  
  107  7:34  SCV  
  107  7:35  SCV  
  113  7:37  Hellion  
  113  7:40  Terran Infantry Armor Level 1  
  113  7:42  Marine  
  116  7:46  Refinery  
  116  7:47  SCV  
  116  7:48  SCV, Refinery  
  118  7:54  Siege Tank, Supply Depot  
  118  7:56  SCV  
  122  7:59  Combat Shield  
  122  8:01  Marauder  
  122  8:03  SCV  
  125  8:06  Supply Depot  
  125  8:14  Bunker  
  125  8:16  SCV x2  
  125  8:17  SCV  
  125  8:19  Marine  
  128  8:21  Marine  
  128  8:22  Marine  
  128  8:23  Marine  
  132  8:28  SCV  
  132  8:30  Command Center  
  133  8:34  SCV  
  133  8:35  SCV  
  133  8:37  Siege Tank  
  133  8:40  Supply Depot  
  138  8:44  SCV  
  138  8:47  Planetary Fortress  
  139  8:49  SCV  
  139  8:55  Supply Depot  
  140  8:56  Terran Infantry Weapons Level 2  
  140  8:57  Terran Vehicle Weapons Level 1  
  140  8:59  SCV  
  141  9:05  SCV  
  141  9:06  Barracks  
  145  9:10  Siege Tank, Marauder  
  145  9:15  SCV  
  145  9:16  Supply Depot  
  148  9:19  Stimpack  
  148  9:21  Marine  
  148  9:22  Marine x2  
  148  9:23  Marine  
  152  9:25  SCV  
  152  9:26  SCV  
  81  9:31  Medivac  
  154  9:32  SCV  
  154  9:36  Supply Depot  
  157  9:40  SCV  
  157  9:41  Medivac  
  157  9:42  SCV, Siege Tank  
  157  9:43  Planetary Fortress  
  164  9:46  SCV  
  164  9:47  Marauder  
  164  9:48  Medivac  
  164  9:49  Medivac  
  164  9:50  Marine x3  
  164  9:51  Marine  
  175  9:53  SCV  
  177  10:03  Command Center  
  149  10:16  SCV  
  149  10:20  Infernal Pre-Igniter  
  149  10:22  Barracks Tech Lab  
  149  10:23  Terran Infantry Armor Level 2  
  149  10:26  Unknown  
  149  10:30  Starport  
  144  10:41  Concussive Shells  
  142  11:06  Starport Tech Lab  
  142  11:36  Orbital Command  
Show
View Real Time Build Order
Export as new Build Order

ИИ 1 (эксперт) Zerg 

Build Orders: Pool First 

Get SALT Encoding   

  12  0:00  Drone  
  13  0:12  Overlord  
  13  0:16  Drone  
  14  0:30  Drone x2  
  16  0:43  Spawning Pool  
  16  0:45  Drone  
  16  0:50  Drone  
  17  1:13  Hatchery  
  17  1:15  Drone  
  17  1:19  Extractor  
  17  1:21  Drone  
  17  1:25  Drone  
  18  1:28  Drone  
  19  1:38  Overlord  
  19  1:49  Drone  
  19  1:52  Queen  
  22  2:00  Zergling x2  
  23  2:10  Drone  
  24  2:21  Drone  
  25  2:26  Roach Warren  
  25  2:27  Queen  
  26  2:31  Drone  
  26  2:34  Extractor  
  26  2:38  Drone  
  27  2:44  Overlord  
  27  2:48  Drone  
  27  2:50  Drone  
  29  2:54  Drone  
  29  2:58  Drone  
  31  3:00  Drone  
  31  3:03  Zergling x2  
  33  3:06  Zergling x2  
  33  3:11  Roach  
  36  3:15  Roach  
  36  3:19  Roach  
  40  3:22  Roach  
  42  3:28  Drone  
  42  3:30  Drone  
  42  3:32  Overlord  
  44  3:39  Lair  
  44  3:50  Drone x3  
  44  3:52  Drone  
  44  3:54  Drone  
  49  3:56  Drone  
  49  3:59  Drone  
  49  4:02  Drone  
  52  4:05  Overlord  
  52  4:23  Drone x5, Zergling x2  
  58  4:24  Zergling x2  
  59  4:34  Zergling x2, Overlord x2  
  60  4:40  Drone, Hydralisk Den  
  60  4:43  Drone, Infestation Pit  
  60  4:51  Overlord  
  60  4:52  Roach x4  
  68  5:08  Hydralisk  
  68  5:10  Hydralisk x2  
  68  5:11  Hydralisk  
  68  5:12  Drone  
  68  5:13  Drone  
  78  5:16  Overlord  
  78  5:19  Hive  
  78  5:26  Infestor  
  80  5:31  Overlord  
  80  5:34  Overlord  
  80  5:40  Drone, Evolution Chamber  
  80  5:42  Drone, Evolution Chamber  
  80  5:45  Overlord  
  80  5:48  Overlord  
  80  5:55  Infestor, Zergling x2  
  80  5:56  Zergling x2  
  84  5:58  Zergling x2  
  84  5:59  Zergling x2  
  84  6:01  Zergling x2  
  84  6:02  Zergling x2  
  88  6:07  Overlord  
  88  6:09  Overlord  
  88  6:23  Infestor  
  90  6:28  Drone x2  
  90  6:29  Extractor  
  90  6:30  Drone  
  90  6:31  Evolution Chamber  
  90  6:32  Drone, Extractor  
  91  6:33  Drone  
  91  6:39  Drone, Hatchery  
  92  6:51  Drone x3  
  95  6:54  Drone  
  95  6:55  Drone  
  95  6:59  Ultralisk Cavern  
  95  7:00  Drone  
  97  7:30  Metabolic Boost  
  97  7:32  Overseer  
  97  7:40  Zerg Melee Weapons Level 1  
  97  7:42  Spine Crawler  
  96  7:45  Drone, Spine Crawler  
  96  7:48  Ultralisk  
  102  7:51  Drone  
  102  7:52  Drone x4  
  102  7:53  Drone x5  
  102  7:54  Drone x5  
  102  7:55  Drone  
  118  8:01  Drone  
  118  8:04  Drone, Extractor  
  119  8:05  Drone  
  119  8:06  Extractor  
  119  8:08  Zerg Missile Weapons Level 1  
  119  8:12  Drone  
  120  8:16  Drone x2, Ultralisk  
  120  8:17  Drone  
  120  8:19  Overlord  
  129  8:20  Drone  
  129  8:23  Zerg Ground Armor Level 1  
  129  8:25  Drone  
  129  8:26  Drone  
  132  8:27  Drone  
  133  8:37  Ultralisk  
  133  8:38  Overlord  
  133  8:39  Spore Crawler  
  133  8:40  Drone  
  139  8:50  Ultralisk, Spore Crawler  
  139  8:51  Drone  
  139  8:53  Hydralisk  
  147  8:56  Hydralisk, Overlord  
  147  8:59  Hydralisk  
  147  9:02  Hydralisk  
  153  9:05  Queen  
  155  9:11  Pathogen Glands  
  155  9:14  Overlord  
  155  9:16  Hatchery, Spine Crawler  
  153  9:18  Spore Crawler  
  152  9:42  Queen  
  154  9:52  Spine Crawler  
  154  9:55  Spore Crawler  
  154  9:58  Spore Crawler  
  150  10:01  Spine Crawler  
  150  10:03  Spine Crawler  
  150  10:04  Drone  
  150  10:06  Baneling Nest  
  150  10:07  Drone, Ultralisk, Zergling x4, Spire  
  135  10:08  Drone, Zergling x2  
  135  10:10  Spine Crawler  
  135  10:13  Spine Crawler  
  113  10:19  Ultralisk  
  118  10:28  Drone x2  
  118  10:29  Drone x3  
  118  10:30  Drone x4  
  118  10:32  Ultralisk  
  118  10:33  Roach  
  118  10:35  Zergling x4, Roach  
  118  10:36  Zergling x4, Roach  
  118  10:38  Roach  
  118  10:39  Extractor  
  118  10:40  Hydralisk  
  118  10:41  Drone  
  118  10:42  Extractor  
  114  10:43  Drone  
  114  10:44  Hydralisk  
  114  10:47  Hydralisk  
  119  10:50  Hydralisk  
  119  10:52  Baneling, Zergling x2  
  119  10:53  Drone, Overseer  
  119  10:54  Drone  
  119  10:56  Zergling x2  
  114  10:57  Zergling x6  
  114  11:00  Drone, Roach x2  
  114  11:03  Drone x2, Roach  
  114  11:07  Hydralisk  
  114  11:13  Roach  
  114  11:15  Drone x3  
  114  11:16  Zergling x2  
  114  11:18  Hydralisk  
  95  11:19  Mutalisk  
  95  11:25  Roach  
  89  11:27  Roach  
  89  11:31  Baneling Nest  
  82  11:34  Zergling x2  
  82  11:35  Roach  
  82  11:36  Hydralisk  
  82  11:37  Drone  
  82  11:38  Roach  
  84  11:40  Hydralisk  
  84  11:42  Drone  
  84  11:43  Drone  
  84  11:45  Drone  
  84  11:46  Drone  
  90  11:48  Drone  
  82  11:54  Roach  
  82  11:56  Roach  
  72  12:12  Overlord  
  72  12:17  Overlord  
  70  12:23  Spawning Pool  
  65  12:31  Overlord  
  63  12:37  Spawning Pool  
  54  12:50  Drone, Overlord  
  53  12:54  Drone  
  53  12:56  Drone  
  35  13:13  Hatchery  
  35  13:14  Overlord  
  35  13:17  Drone  
  35  13:19  Hatchery  
  28  13:20  Drone  
  28  13:28  Evolution Chamber  
  26  13:35  Spawning Pool  
Tags
 
Add a new tag
Caveats
  • Supply blocks, unpowered buildings, or Contaminate may cause inaccurate times.
  • Supply counts are checked every 10 seconds.